 Dungeon Crawl Stone Soup version 0.27-a0-1565-gad902ab807 (webtiles) character file.

Game seed: 475296109381224008

1 gimp the Caller (level 1, 0/10 (13) HPs)
             Began as a Formicid Wanderer on July 16, 2021.
             Slain by a goblin (1 damage)
             ... on level 1 of the Dungeon.
             The game lasted 00:01:13 (34 turns).

gimp the Caller (Formicid Wanderer)                   Turns: 34, Time: 00:01:14

HP:   0/10 (13)     AC:  2    Str: 15    XL:     1   Next: 22%
MP:   3/3           EV: 11    Int: 12    God:
Gold: 0             SH:  0    Dex: 10    Spells: 4/4 levels left

rFire    . . .     SeeInvis +   a - +0 club
rCold    . . .     Faith    .   (no shield)
rNeg     . . .     Spirit   .   b - +0 robe
rPois    .         Reflect  .   (helmet unavailable)
rElec    .         Harm     .   (no cloak)
rCorr    .         Rampage  .   (no gloves)
Will     .....                  (no boots)
Stlth    +.........             (no amulet)
HPRegen  0.03/turn              (no ring)
MPRegen  0.08/turn              (no ring)

@: heavily drained
A: permanent stasis, dig shafts and tunnels, antennae 3, four strong arms
a: Dig, Shaft Self


You were on level 1 of the Dungeon.
You visited 1 branch of the dungeon, and saw 1 of its levels.

Inventory:

Hand Weapons
 a - a +0 club (weapon)
Armour
 b - a +0 robe (worn)
Potions
 c - a potion of curing {unknown}


   Skills:
 + Level 0.1 Fighting
 * Level 0.2 Axes
 + Level 0.1 Armour
 - Level 2.1 Spellcasting
 - Level 1.0 Conjurations
 - Level 1.2 Hexes
 - Level 3.0 Summonings
 - Level 1.0 Necromancy
 - Level 2.1 Evocations


You had 4 spell levels left.
You didn't know any spells.
Your spell library contained the following spells:

 Spells                   Type           Power      Damage    Failure   Level
 Call Imp                 Summ           8%         N/A       12%         2
 Animate Skeleton         Necr           6%         N/A       19%         1
 Magic Dart               Conj           12%        1d3       19%         1
 Slow                     Hex            4%         N/A       24%         2
 Sandblast                Erth           2%         2d4       26%         1
 Vampiric Draining        Necr           1%         2d6       47%         3
 Conjure Flame            Conj/Fire      2%         6-21      54%         3
 Stone Arrow              Conj/Erth      4%         3d7       54%         3
 Mephitic Cloud           Conj/Pois/Air  2%         N/A       56%         3
 Blink                    Tloc           Unusable   N/A       N/A         2

Dungeon Overview and Level Annotations

Branches:
Dungeon (1/15)

Altars:


Innate Abilities, Weirdness & Mutations

You cannot be hasted, slowed, berserked, paralysed or teleported.
You can dig through walls and to a lower floor.
You have a pair of large antennae on your head. (SInv)
Your four strong arms can wield two-handed weapons with a shield.


Message History

You don't know any spells.
Okay, then.
Unknown command.
Unknown command.
You open the door.
There is an open door here.
c - a sedimented dark potion
Found a scroll labelled POR UTZAIWN.
A quokka and a goblin come into view.
The goblin is wielding a +2 dagger of draining.
Found 21 gold pieces.
A quokka comes into view.
You miss the quokka. The quokka bites you. x2
You take 5 damage, and have 8/13 hp.
MASSIVE DAMAGE!!
You hit the quokka.
The quokka is lightly wounded.
The quokka bites you.
You take 2 damage, and have 6/13 hp.
You are too injured to fight recklessly!
You are too injured to fight recklessly!
You hit the quokka.
The quokka is almost dead.
The quokka bites you. The quokka barely misses you.
You take 1 damage, and have 5/13 hp.
You hit the quokka.
You kill the quokka!
You completely miss the goblin.
The goblin hits you with a +2 dagger of draining.
You feel drained. The goblin barely misses you.
You take 1 damage, and have 4/12 hp.
Press: ? - help, v - describe, . - travel The floor.
You closely miss the goblin. The goblin barely misses you.
You hit the goblin but do no damage. The goblin hits you but does no damage.
You feel drained.
You closely miss the goblin.
The goblin hits you with a +2 dagger of draining.
* * * LOW HITPOINT WARNING * * *
You feel drained.
You die...

#######
.......##########
.........g@.....##
.....?..#######..#
........#
##.######
r.......# #......#
. .$.....#####
###....#.##
.$..... ....
###........
.......
.....##..........
.......
.................
...###'###......


You could see a goblin.

Vanquished Creatures
  A quokka (D:1)
1 creature vanquished.

Notes
Turn   | Place    | Note
-------+----------+-------------------------------------------
     0 | D:1      | gimp the Formicid Wanderer began the quest for the Orb.
     0 | D:1      | gimp set off with the following items: a +0 club, a +0
                  | robe; and the following spells available to memorise: Call
                  | Imp, Animate Skeleton, Magic Dart, Slow, Sandblast,
                  | Vampiric Draining, Conjure Flame, Stone Arrow, Mephitic
                  | Cloud
     0 | D:1      | Reached XP level 1. HP: 13/13 MP: 3/3
    34 | D:1      | Slain by a goblin

Illustrated notes

Levels and vault maps discovered:
D:1:      minmay_arrival_checkered_box, layout_rooms, minivault_26

Action                   || total
-------------------------++-------
Melee: Club              ||     8
Armor: Robe              ||     1
Dodge: Dodged            ||     3

Table legend: (Time is in decaauts)
 A = Elapsed time spent in this place.
 B = Non-inter-level travel time spent in this place.
 C = Inter-level travel time spent in this place.
 D = Time resting spent in this place.
 E = Time spent auto-exploring this place.
 F = Levels seen in this place.
 G = Mean time per level.
                   A        B        C        D        E       F      G
               +--------+--------+--------+--------+--------+-----+--------+
         Total |     36 |     36 |      0 |      0 |     20 |   1 |   36.0 |
       Dungeon |     36 |     36 |      0 |      0 |     20 |   1 |   36.0 |
               +--------+--------+--------+--------+--------+-----+--------+

Top non-repeatable levels by time:
     D:1: 36 daAuts
